Map: [ESL] Solaris

Players

trigger - Winner!

  • Race: Protoss Protoss
  • League: Grandmaster
  • Spawn Location: 7:00

Creator

  • Race: Protoss Protoss
  • Spawn Location: 1:00

Event: IEM Katowice 2024

VOD

Have the link to the VOD?

Description

Time

  • Played on: Dec. 10, 2023, 6:25 p.m.
  • Length: 15:41

All games in this series

Show
View Real Time Build Order
Export as new Build Order

trigger Protoss - Winner!

Build Orders: Phoenix Opening 

Get SALT Encoding   

  12  0:00  Probe  
  13  0:12  Probe  
  14  0:17  Pylon  
  14  0:24  Probe (Chrono Boost)  
  15  0:36  Probe (Chrono Boost)  
  15  0:37  Gateway  
  16  0:44  Probe (Chrono Boost)  
  16  0:46  Assimilator  
  17  0:53  Probe  
  17  0:54  Assimilator  
  18  1:05  Probe (Chrono Boost)  
  18  1:08  Gateway  
  19  1:14  Probe (Chrono Boost)  
  20  1:20  Probe  
  20  1:25  Cybernetics Core  
  22  1:32  Probe  
  22  1:36  Pylon  
  22  1:45  Probe  
  23  1:57  Probe  
  24  2:01  Stalker  
  24  2:02  Stalker  
  24  2:03  Warp Gate  
  28  2:16  Pylon  
  28  2:31  Stalker  
  28  2:34  Stalker  
  32  2:52  Probe  
  32  2:56  Nexus  
  33  3:01  Sentry  
  33  3:04  Sentry  
  33  3:05  Probe  
  38  3:11  Pylon  
  38  3:19  Probe  
  39  3:23  Twilight Council  
  39  3:31  Probe (Chrono Boost)  
  39  3:32  Phoenix  
  40  3:40  Probe (Chrono Boost)  
  41  3:47  Probe (Chrono Boost)  
  41  3:55  Stalker x2  
  46  3:59  Probe (Chrono Boost)  
  46  4:01  Blink  
  47  4:07  Probe (Chrono Boost)  
  47  4:09  Probe (Chrono Boost)  
  50  4:20  Probe (Chrono Boost)  
  50  4:23  Probe (Chrono Boost)  
  51  4:27  Stalker x2  
  51  4:28  Probe (Chrono Boost)  
  57  4:33  Probe (Chrono Boost)  
  57  4:34  Robotics Facility, Probe (Chrono Boost)  
  58  4:43  Probe  
  60  4:45  Probe  
  60  4:49  Gateway  
  60  4:52  Stalker  
  62  4:56  Pylon  
  62  4:59  Gateway  
  62  5:03  Pylon  
  62  5:08  Assimilator  
  64  5:14  Probe  
  64  5:16  Stalker  
  64  5:17  Stalker  
  68  5:22  Pylon  
  68  5:23  Warp Prism (Chrono Boost)  
  68  5:28  Probe  
  70  5:29  Probe  
  71  5:40  Stalker x2  
  75  5:43  Stalker  
  77  5:53  Stalker  
  79  6:00  Nexus  
  79  6:07  Pylon  
  79  6:12  Stalker x2  
  83  6:21  Stalker  
  85  6:26  Stalker  
  87  6:33  Probe  
  88  6:44  Stalker x3  
  88  6:46  Probe  
  93  6:48  Pylon  
  93  6:59  Stalker  
  89  7:07  Stalker  
  89  7:08  Stalker x2  
  87  7:11  Probe (Chrono Boost)  
  82  7:17  Probe (Chrono Boost)  
  82  7:21  Probe (Chrono Boost)  
  81  7:23  Immortal (Chrono Boost), Stalker  
  81  7:26  Probe x2 (Chrono Boost)  
  73  7:30  Probe (Chrono Boost)  
  73  7:31  Probe (Chrono Boost)  
  73  7:33  Probe  
  73  7:36  Shield Battery  
  69  7:39  Charge (Chrono Boost)  
  69  7:40  Probe  
  69  7:42  Forge  
  69  7:43  Probe  
  69  7:44  Stalker  
  69  7:46  Stalker  
  69  7:47  Stalker  
  75  7:51  Stalker  
  75  7:57  Gateway  
  77  7:59  Gateway  
  77  8:02  Immortal (Chrono Boost)  
  77  8:07  Protoss Ground Weapons Level 1 (Chrono Boost)  
  77  8:11  Probe x2  
  84  8:12  Probe  
  84  8:16  Assimilator  
  84  8:19  Stalker  
  86  8:24  Probe  
  87  8:28  Stalker  
  87  8:29  Stalker  
  90  8:44  Stalker x2  
  94  8:53  Observer (Chrono Boost)  
  94  8:57  Stalker  
  94  8:58  Probe x2  
  94  8:59  Nexus  
  94  9:01  Stalker, Pylon  
  99  9:04  Zealot  
  99  9:05  Zealot, Pylon  
  99  9:07  Zealot x2  
  107  9:14  Photon Cannon  
  107  9:15  Probe x2  
  109  9:17  Probe  
  109  9:21  Stalker  
  111  9:30  Stalker x2  
  115  9:33  Probe  
  115  9:34  Observer  
  115  9:38  Shield Battery, Stalker x2  
  121  9:41  Pylon  
  121  9:44  Stalker x2  
  125  9:46  Probe  
  126  9:54  Probe, Stalker x2  
  126  9:55  Probe  
  126  9:58  Protoss Ground Weapons Level 2 (Chrono Boost)  
  132  10:02  Assimilator  
  132  10:06  Probe  
  133  10:10  Photon Cannon  
  133  10:11  Probe x2  
  133  10:12  Photon Cannon  
  135  10:14  Probe  
  135  10:20  Sentry  
  135  10:21  Stalker  
  140  10:22  Stalker  
  140  10:23  Probe  
  143  10:30  Probe x3, Stalker  
  148  10:35  Observer (Chrono Boost), Probe  
  148  10:37  Stalker  
  151  10:45  Assimilator  
  151  10:49  Stalker x2  
  155  10:51  Pylon  
  155  10:54  Pylon  
  155  10:56  Pylon  
  155  10:57  Assimilator  
  155  10:59  Pylon  
  155  11:03  Gateway, Pylon  
  155  11:05  Gateway  
  155  11:13  Stalker x5  
  163  11:20  Stalker  
  163  11:21  Probe x2  
  167  11:30  Probe x2  
  169  11:38  Zealot x5  
  169  11:39  Nexus  
  179  11:53  Stalker  
  179  11:56  Dark Shrine, Probe x2  
  179  11:57  Gateway  
  181  12:04  Stalker  
  181  12:05  Stalker x2  
  169  12:13  Observer  
  169  12:14  Observer  
  145  12:19  Pylon  
  145  12:20  Stalker  
  145  12:21  Stalker x3  
  143  12:23  Photon Cannon  
  143  12:25  Pylon  
  143  12:26  Photon Cannon  
  143  12:27  Protoss Ground Weapons Level 3 (Chrono Boost)  
  143  12:28  Shield Battery x2  
  143  12:29  Stalker x3  
  149  12:34  Photon Cannon  
  149  12:42  Shield Battery  
  149  12:45  Photon Cannon  
  149  12:50  Zealot x3  
  155  12:54  Stalker x2  
  155  12:56  Stalker  
  161  13:02  Stalker  
  163  13:08  Dark Templar  
  165  13:13  Dark Templar x3, Shadow Stride  
  169  13:22  Stalker x3  
  169  13:25  Stalker  
  165  13:33  Stalker  
  159  13:37  Gateway x2  
  159  13:43  Observer (Chrono Boost)  
  159  13:44  Stalker  
  159  13:47  Stalker x6  
  170  13:58  Pylon  
  170  13:59  Stalker x2  
  174  14:07  Observer (Chrono Boost)  
  174  14:08  Stalker  
  177  14:14  Stalker x3  
  177  14:15  Stalker x3  
  173  14:25  Stalker x2  
  175  14:32  Stalker x3  
  175  14:34  Photon Cannon  
  181  14:39  Stalker x5  
  181  14:40  Stalker  
  193  14:54  Dark Templar x2, Photon Cannon, Pylon  
  193  14:57  Dark Templar  
  199  15:06  Shield Battery  
  198  15:07  Dark Templar  
  198  15:08  Dark Templar  
  198  15:13  Zealot x6  
  197  15:16  Probe  
  169  15:29  Zealot x2  
  169  15:30  Zealot  
  169  15:33  Zealot x6  
Show
View Real Time Build Order
Export as new Build Order

Creator Protoss 

Build Orders: Phoenix Opening, Blink Stalkers 

Get SALT Encoding   

  12  0:00  Probe  
  13  0:12  Probe  
  14  0:17  Pylon  
  14  0:24  Probe (Chrono Boost)  
  15  0:37  Probe (Chrono Boost)  
  15  0:39  Gateway  
  16  0:45  Probe (Chrono Boost)  
  16  0:47  Assimilator  
  17  0:51  Probe  
  18  1:00  Assimilator  
  18  1:03  Probe (Chrono Boost)  
  19  1:08  Gateway  
  19  1:13  Probe (Chrono Boost)  
  19  1:18  Probe (Chrono Boost)  
  21  1:27  Cybernetics Core  
  21  1:29  Probe  
  22  1:36  Pylon  
  22  1:42  Probe  
  23  1:54  Probe  
  24  2:01  Warp Gate (Chrono Boost)  
  24  2:03  Stalker  
  24  2:07  Sentry  
  28  2:11  Pylon  
  28  2:28  Pylon  
  28  2:30  Stalker  
  28  2:33  Stalker  
  32  2:38  Phoenix  
  32  2:47  Nexus  
  32  2:52  Shield Battery  
  32  2:57  Probe  
  33  3:01  Sentry  
  33  3:04  Sentry  
  37  3:09  Probe  
  37  3:14  Pylon  
  37  3:21  Probe  
  38  3:30  Twilight Council  
  38  3:33  Probe (Chrono Boost)  
  39  3:45  Probe (Chrono Boost)  
  40  3:52  Probe (Chrono Boost), Forge  
  41  3:57  Phoenix  
  41  3:59  Blink (Chrono Boost), Probe  
  41  4:00  Probe  
  43  4:11  Probe  
  43  4:12  Probe  
  43  4:13  Stalker  
  47  4:18  Stalker  
  47  4:23  Probe  
  51  4:24  Probe  
  51  4:27  Protoss Ground Weapons Level 1 (Chrono Boost)  
  51  4:36  Probe x2  
  51  4:37  Pylon  
  53  4:41  Stalker  
  55  4:48  Probe x2  
  57  4:57  Nexus  
  57  5:00  Shield Battery  
  57  5:08  Probe x2  
  57  5:09  Gateway  
  57  5:12  Stalker  
  61  5:16  Stalker  
  63  5:22  Probe  
  63  5:23  Probe  
  63  5:25  Pylon  
  63  5:26  Assimilator  
  65  5:34  Probe, Pylon  
  66  5:36  Shield Battery, Stalker  
  66  5:42  Stalker  
  70  5:52  Probe x2  
  70  5:56  Shield Battery  
  72  6:02  Stalker  
  72  6:04  Stalker  
  76  6:06  Probe x2  
  76  6:07  Stalker  
  76  6:09  Probe  
  78  6:28  Stalker  
  78  6:29  Stalker  
  82  6:37  Stalker  
  82  6:47  Gateway  
  82  6:53  Stalker x2  
  86  7:00  Probe x3  
  74  7:02  Stalker  
  66  7:12  Probe x3  
  66  7:17  Stalker x2  
  60  7:25  Probe x3  
  60  7:28  Protoss Ground Weapons Level 2 (Chrono Boost), Stalker  
  55  7:37  Probe x2 (Chrono Boost)  
  55  7:42  Stalker x2  
  55  7:43  Robotics Facility  
  62  7:46  Probe (Chrono Boost)  
  62  7:48  Probe x2 (Chrono Boost)  
  62  7:50  Photon Cannon  
  64  7:53  Probe (Chrono Boost)  
  64  7:54  Stalker  
  64  7:55  Probe x2 (Chrono Boost)  
  69  7:58  Probe (Chrono Boost)  
  69  8:03  Probe x2  
  72  8:08  Adept  
  72  8:09  Adept  
  72  8:10  Stalker  
  72  8:11  Probe (Chrono Boost)  
  79  8:14  Photon Cannon  
  79  8:18  Probe (Chrono Boost)  
  81  8:22  Probe (Chrono Boost)  
  81  8:23  Probe (Chrono Boost)  
  82  8:28  Probe (Chrono Boost)  
  82  8:30  Probe (Chrono Boost)  
  82  8:31  Observer, Probe (Chrono Boost)  
  82  8:32  Pylon  
  86  8:36  Probe  
  86  8:38  Probe  
  86  8:41  Probe  
  86  8:48  Probe  
  88  8:50  Probe  
  88  8:51  Charge  
  88  8:52  Gateway  
  88  8:53  Gateway, Probe  
  90  8:56  Immortal (Chrono Boost)  
  90  9:03  Sentry, Zealot  
  90  9:04  Zealot x2  
  90  9:08  Assimilator  
  98  9:18  Gateway  
  98  9:21  Nexus, Gateway  
  98  9:25  Zealot x2  
  98  9:26  Observer (Chrono Boost), Protoss Ground Weapons Level 3 (Chrono Boost)  
  103  9:37  Probe x3  
  106  9:40  Pylon  
  106  9:44  Stalker  
  108  9:48  Pylon  
  108  9:51  Pylon  
  106  9:55  Probe  
  106  9:56  Probe x2  
  106  9:58  Stalker x3  
  113  10:01  Shield Battery, Phoenix  
  113  10:11  Zealot x2  
  113  10:12  Stalker  
  119  10:19  Templar Archives, Pylon  
  119  10:23  Photon Cannon, Pylon  
  119  10:26  Zealot, Shield Battery  
  119  10:27  Sentry  
  123  10:30  Zealot  
  123  10:34  Warp Prism (Chrono Boost)  
  127  10:41  Zealot x3  
  133  10:47  Zealot x2  
  137  10:50  Zealot  
  137  10:52  Shield Battery  
  138  10:58  High Templar x2  
  138  11:02  Archon  
  142  11:07  Zealot x4  
  142  11:08  Sentry, Immortal (Chrono Boost)  
  156  11:12  Pylon  
  155  11:20  Stalker  
  155  11:22  Pylon  
  155  11:25  Gateway  
  157  11:26  Gateway  
  157  11:30  Zealot x3, Stalker  
  165  11:36  Zealot x3  
  169  11:42  Shield Battery  
  161  11:57  Zealot x8  
  167  12:08  Immortal (Chrono Boost)  
  131  12:20  High Templar x3  
  131  12:21  High Templar  
  131  12:22  Zealot x5  
  141  12:26  Archon x2  
  143  12:37  Pylon  
  143  12:39  Observer (Chrono Boost), Zealot, Pylon  
  143  12:43  Zealot x4  
  143  12:44  Zealot, Probe  
  157  12:55  Zealot x4  
  165  13:04  High Templar x2  
  165  13:05  Zealot x3  
  173  13:06  Zealot  
  173  13:09  Observer, Archon  
  170  13:24  Observer  
  138  13:37  Stalker x2  
  138  13:38  Stalker x2  
  138  13:39  Stalker x3  
  138  13:40  Zealot x3  
  158  13:57  Zealot x3  
  158  13:58  Zealot  
  158  14:00  Zealot x3  
  172  14:03  Photon Cannon  
  172  14:05  High Templar x2, Zealot  
  172  14:08  Pylon  
  172  14:09  Archon  
  172  14:21  Observer  
  172  14:24  Zealot x4  
  172  14:25  Zealot x4  
  184  14:40  Stalker x2  
  184  14:45  Observer  
  189  14:46  Stalker  
  189  14:47  Zealot, Stalker  
  195  14:55  Pylon  
  193  15:07  Zealot  
  193  15:11  Zealot  
  187  15:14  Stalker x5  

Tags
 
Add a new tag
Caveats
  • Supply blocks, unpowered buildings, or Contaminate may cause inaccurate times.
  • Supply counts are checked every 10 seconds.